 Dungeon Crawl Stone Soup version 0.26-a0-542-gbaa144ba5c (webtiles) character file.

Game seed: 9615145229348356963

(classic levelgen) 29824 EnegeticOcto the Brooding (level 13, -4/100 HPs)
             Began as a Deep Dwarf Fighter on Aug 18, 2020.
             Was a Priest of Hepliaklqana.
             Slain by a spark wasp (16 damage)
             ... on level 1 of the Spider Nest.
             The game lasted 00:27:05 (3766 turns).

EnegeticOcto the Brooding (Deep Dwarf Fighter)      Turns: 3766, Time: 00:27:07

Health: -4/100     AC: 16    Str: 27    XL:     13   Next: 17%
Magic:  11/11      EV:  6    Int: 11    God:    Hepliaklqana [***...]
Gold:   426        SH: 10    Dex: 12    Spells: 12/12 levels left

rFire    . . .     SeeInvis .   s - +3 war axe (elec)
rCold    . . .     Faith    .   c - +0 kite shield
rNeg     + . .     Spirit   .   D - +1 chain mail {rPois}
rPois    +         Reflect  .   q - +2 helmet
rElec    .         Harm     .   o - +0 cloak
rCorr    .                      I - +1 pair of gloves {archery}
MR       +....                  (no boots)
Stlth    ..........             (no amulet)
HPRegen  0.00/turn              j - ring of positive energy
MPRegen  0.12/turn              B - +6 ring of strength

@: lethally poisoned (-4 -> -18), non-regenerating
A: damage resistance, heal wounds, reduced essence, hooves 1, high mp 1, sense
surroundings 2, weak 1, no regeneration
a: Heal Wounds, Recall Ancestor, Ancestor Identity, Transference, Renounce
Religion


You were on level 1 of the Spider Nest.
You worshipped Hepliaklqana.
Hepliaklqana was most pleased with you.
You visited 4 branches of the dungeon, and saw 18 of its levels.
You also visited: Sewer.

You collected 914 gold pieces.
You spent 488 gold pieces at shops.

Inventory:

Hand Weapons
 a - a +1 war axe
 d - a +3 hand axe of electrocution
 e - a +5 demon trident of draining
 n - a +6 flail of draining
 s - a +3 war axe of electrocution (weapon)
 t - a +0 hand axe of electrocution
 L - a +1 hand axe of electrocution
Missiles
 h - 25 boomerangs (quivered)
Armour
 b - a +0 scale mail
 c - a +0 kite shield (worn)
 f - a +0 chain mail
 g - a +0 plate armour
 o - a +0 cloak (worn)
 q - a +2 helmet (worn)
 D - a +1 chain mail of poison resistance (worn)
 H - a +2 plate armour of magic resistance
 I - a +1 pair of gloves of archery (worn)
Jewellery
 j - a ring of positive energy (left hand)
 B - a +6 ring of strength (right hand)
Wands
 l - a wand of disintegration (1)
 A - a wand of flame (43) {@v4}
Scrolls
 m - 5 scrolls of teleportation {@r3 !r}
 u - a scroll of remove curse {@r2}
 v - a scroll of identify {@r1}
 w - 2 scrolls of vulnerability
 y - 2 scrolls of enchant weapon
Potions
 i - a potion of resistance
 k - a potion of lignification {@q6}
 p - 2 potions of degeneration
 x - 3 potions of mutation
 z - a potion of curing {@q1 !q}
Miscellaneous
 r - a box of beasts (1/3)
 J - a lightning rod (2/4)


   Skills:
 + Level 6.5 Fighting
 * Level 14.5 Axes
 - Level 3.2 Armour
 + Level 4.5 Shields
 - Level 18.9 Invocations
 + Level 5.8 Evocations


You had 12 spell levels left.
You didn't know any spells.
Your spell library contained the following spells:

 Spells                   Type           Power        Failure   Level
 Bolt of Magma            Conj/Fire/Erth #.........   100%        5
 Iskenderun's Battlesphe  Conj           #.......     100%        5
 Iron Shot                Conj/Erth      #.........   100%        6
 Orb of Destruction       Conj           #.........   100%        7
 Spellforged Servitor     Conj/Summ      #.........   100%        7


Dungeon Overview and Level Annotations

Branches:
Dungeon (11/15)              Lair (4/6) D:11         Spider (1/4) Lair:3
    Orc (2/2) D:10            Elf (0/3) Orc:2         Sewer (visited)
 Temple: D:4-7        Swamp: Lair:2-4    Shoals: Lair:2-4

Altars:
Dithmenos
Fedhas
Gozag
Hepliaklqana
Makhleb
Trog
Wu Jian
Beogh

Shops:
Orc:1 (   Orc:2 [:[*(


Innate Abilities, Weirdness & Mutations

You are resistant to damage.
You can heal yourself by infusing magical energy.
You passively map the area around you.
You do not regenerate.
Your life essence is reduced to manifest your ancestor. (-10% HP)
You have large cloven feet.
You have an increased reservoir of magic. (+10% MP)
You are weak. (Str -2)


Message History

The hornet stings you.
You are poisoned.
Something pounces on Thulani.
Thulani blocks something's attack.
The redback completely misses you.
Thulani hits the redback with a +0 flail!
You block the spark wasp's attack.
A redback comes into view.
The orb spider moves out of view.
Evoke which item? (* to show all) (? for menu, Esc to quit)
Aiming: Disintegrate
Press: ? - help, Shift-Dir - straight line, f - spark wasp
Aim: a spark wasp (chance to defeat MR: 71%)
The spark wasp struggles to resist.
You hear an angry hiss. x3; You hear a hideous shriek!
The hornet stings you!
A redback comes into view.
Thulani blocks something's attack.
Something bites Thulani but does no damage.
You block the redback's attack. The spark wasp stings you!
The spark wasp shocks you! The redback bites you!
You are more poisoned.
The redback poisons you! The hornet closely misses you.
Thulani hits the redback with a +0 flail!
Okay, then.
Okay, then.
You feel much better.
You feel very sick.
You block the redback's attack. x2; The spark wasp closely misses you.
The redback barely misses you.
Thulani blocks something's attack. x2
The hornet stings you but does no damage.
You block the redback's attack.
The jumping spider leaps!
The spark wasp stings you but does no damage.
As you read the scroll labeled YGEFUW KODEWK, it crumbles to dust.
Wisps of shadow whirl around you...
It was a scroll of summoning.
You feel very sick.
The redback bites you but does no damage.
A jumping spider comes into view.
You block the hornet's attack.
Thulani hits the wolf spider with a +0 flail.
Something bites Thulani.
The redback bites you but does no damage.
The spark wasp stings you! The spark wasp shocks you! The hornet stings you.
The wolf spider barely misses you. The wolf spider bites you.
This is a scroll of acquirement!
Something appears at your feet!
You feel very sick. The redback bites your tarantella!
Something bites Thulani.
The redback bites you but does no damage.
The spark wasp stings you.
* * * LOW HITPOINT WARNING * * *
The spark wasp shocks you!
* * * LOW HITPOINT WARNING * * *
The jumping spider leaps!
The redback bites you.
* * * LOW HITPOINT WARNING * * *
An orb spider comes into view.
Thulani hits the wolf spider with a +0 flail!
The orb spider begins to weave its threads into a brightly glowing ball.
The hornet stings you but does no damage.
Your tarantella barely misses the redback.
The wolf spider hits you but does no damage.
The wolf spider bites you but does no damage.
Your wolf spider barely misses the hornet.
Your wolf spider bites the hornet!
Something bites Thulani.
The redback bites your tarantella.
Your tarantella looks as sick as possible!
The redback poisons your tarantella!
Your orb spider pulsates with a strange energy.
You block the redback's attack. x2; The spark wasp stings you.
* * * LOW HITPOINT WARNING * * *
The spark wasp shocks you!
* * * LOW HITPOINT WARNING * * *
You feel much better.
You feel very sick.
Your tarantella dies!
Your tarantella's corpse dissolves into shadows!
The jumping spider leaps!
The redback bites you but does no damage.
The hornet stings you but does no damage.
Your wolf spider closely misses the hornet. x2
The wolf spider hits you but does no damage.
The wolf spider bites you.
* * * LOW HITPOINT WARNING * * *
The redback bites you.
* * * LOW HITPOINT WARNING * * *
The spark wasp stings you. The spark wasp shocks you!
* * * LOW HITPOINT WARNING * * *
Thulani barely misses the wolf spider.
You block the hornet's attack.
Your wolf spider hits the hornet!
The hornet dies!
The wolf spider hits you but does no damage.
The wolf spider bites you.
* * * LOW HITPOINT WARNING * * *
You feel much better.
You feel very sick. The redback bites you!
* * * LOW HITPOINT WARNING * * *
The spark wasp stings you!
* * * LOW HITPOINT WARNING * * *
The spark wasp shocks you!
You die...

, , , * *,, , ,,
,#.#...### ..^.. ,
, ,, s
○.s#...###.... . ,
,
,.........#....s#.s
, , ,
..#........#..... ,
, * # ......○...s..
., , , **
.#..#[#..Rsss. ..#
, ^
#[.......s#.#.....
, , # , .......#.#.
,, , ,,
*###.#..#.##^ , , *
,* ###....#* , , *
* ,, *,....., , ,
,, , , ,, ,* * ,


You could see the friendly Thulani the knight, a spark wasp, a wolf spider, 3
orb spiders, 2 jumping spiders, a tarantella, 8 redbacks, a friendly wolf spider
(summoned) and a friendly orb spider (summoned, charged).

Vanquished Creatures
  Saint Roka (Orc:2)
  A sphinx (D:9)
  An orc warlord (Orc:2)
  A stone giant (Orc:1)
  A centaur warrior (D:9)
  A hydra (Lair:3)
  A two-headed ogre (D:8)
  An orc high priest (Orc:2)
  Urug (Orc:2)
  3 orc knights
  5 orc sorcerers
  A black mamba (Lair:4)
  3 cane toads
  3 trolls
  2 hippogriffs
  2 redbacks (Spider:1)
  13 yaks
  Sigmund (D:3)
  A wraith (D:10)
  A basilisk (Lair:4)
  4 wargs
  A two-headed ogre zombie (D:10)
  A water moccasin (Lair:3)
  2 porcupines (Lair:3)
  25 orc warriors
  Purgy (Sewer)
  3 phantoms
  2 sky beasts
  2 ice beasts
  2 black bears (D:8)
  3 centaurs
  8 ogres
  2 crocodiles
  Blork the orc (D:4)
  3 bullfrogs
  2 big kobolds
  5 scorpions
  A troll zombie (D:10)
  6 killer bees (D:9)
  6 howler monkeys
  9 orc priests
  3 bullfrog zombies
  7 hounds
  Crazy Yiuf (D:4)
  2 centaur skeletons
  10 orc wizards
  An iguana (D:4)
  8 worker ants
  5 ogre zombies (D:10)
  Robin (D:4)
  9 adders
  3 shadow imps
  2 white imps
  An adder skeleton (D:9)
  4 worms
  4 dart slugs
  7 leopard geckos
  53 orcs
  6 giant cockroaches
  12 goblins
  6 hobgoblins
  8 jackals
  6 quokkas
  3 bats
  3 frilled lizards
  A goblin skeleton (D:10)
  4 goblin zombies (D:10)
  A hobgoblin skeleton (D:10)
  2 hobgoblin zombies (D:10)
  A jackal skeleton (D:4)
  11 kobolds
  A leopard gecko skeleton (D:7)
  4 orc skeletons (D:10)
  13 orc zombies (D:10)
  5 fungi
341 creatures vanquished.

Vanquished Creatures (collateral kills)
  An orc knight (Orc:2)
  An orc sorcerer (Orc:2)
  A manticore (D:11)
  A cane toad (Lair:4)
  A centaur zombie (D:9)
  A troll (Orc:2)
  A hornet (Spider:1)
  A warg (Orc:2)
  A water moccasin (Lair:3)
  4 orc warriors (Orc:2)
  A sky beast (D:11)
  A centaur (D:10)
  A crocodile (Lair:4)
  2 bullfrogs
  A water moccasin zombie (D:8)
  A howler monkey (D:8)
  2 orc wizards
  2 orc priests (Orc:2)
  2 hounds
  A killer bee zombie (D:8)
  An ogre zombie (D:10)
  4 orcs
  A fungus (Orc:2)
33 creatures vanquished.

Vanquished Creatures (others)
  2 knights (Orc:2)
  3 ancestors
5 creatures vanquished.

Grand Total: 379 creatures vanquished

Notes
Turn   | Place    | Note
-------+----------+-------------------------------------------
     0 | D:1      | EnegeticOcto the Deep Dwarf Fighter began the quest for the
                  | Orb.
     0 | D:1      | Reached XP level 1. HP: 20/20 MP: 1/1
   123 | D:1      | Reached skill level 3 in Axes
   157 | D:1      | Reached XP level 2. HP: 27/27 MP: 2/2
   219 | D:3      | Noticed Sigmund
   231 | D:3      | Your magical essence is drained by the effort!
   237 | D:3      | Killed Sigmund
   237 | D:3      | Reached skill level 6 in Axes
   237 | D:3      | Reached XP level 3. HP: 20/33 MP: 2/2
   237 | D:3      | Reached XP level 4. HP: 25/40 MP: 3/3
   237 | D:3      | Reached XP level 5. HP: 28/46 MP: 4/4
   242 | D:3      | Your magical essence is drained by the effort!
   382 | D:4      | Noticed Blork the orc
   389 | D:4      | Killed Blork the orc
   389 | D:4      | Reached skill level 7 in Axes
   389 | D:4      | Reached XP level 6. HP: 45/55 MP: 4/4
   450 | D:4      | Found a runed translucent door.
   451 | D:4      | Noticed Crazy Yiuf
   461 | D:4      | Killed Crazy Yiuf
   502 | D:4      | Noticed Robin
   520 | D:4      | Killed Robin
   535 | D:4      | Found an ornate altar of the Wu Jian Council.
   581 | D:4      | Reached skill level 8 in Axes
   625 | D:4      | Reached XP level 7. HP: 41/61 MP: 5/5
   641 | D:5      | Entered Level 5 of the Dungeon
   643 | D:5      | Found a shadowy altar of Dithmenos.
   818 | D:6      | Reached skill level 9 in Axes
   936 | D:7      | Your magical essence is drained by the effort!
  1026 | D:6      | Your magical essence is drained by the effort!
  1080 | D:5      | Found a glowing drain.
  1084 | Sewer    | Entered a sewer
  1127 | Sewer    | Noticed Purgy
  1139 | Sewer    | Killed Purgy
  1139 | Sewer    | Reached skill level 10 in Axes
  1202 | D:5      | Reached XP level 8. HP: 66/68 MP: 4/4
  1279 | D:5      | Found a blossoming altar of Fedhas.
  1475 | D:7      | Reached skill level 11 in Axes
  1651 | D:7      | Found a hazy altar of Hepliaklqana.
  1680 | D:7      | Became a worshipper of Hepliaklqana the Forgotten
  1767 | D:8      | Found a bloodstained altar of Trog.
  1770 | D:8      | Reached skill level 12 in Axes
  1770 | D:8      | Reached skill level 1 in Invocations
  1772 | D:8      | Reached skill level 3 in Fighting
  1774 | D:8      | Reached skill level 2 in Invocations
  1776 | D:8      | Gained mutation: You passively map the area around you.
                  | [Deep Dwarf growth]
  1776 | D:8      | Reached XP level 9. HP: 58/68 MP: 4/6
  1783 | D:8      | Reached skill level 3 in Invocations
  1923 | D:8      | Noticed a two-headed ogre
  1939 | D:8      | Killed a two-headed ogre
  1939 | D:8      | Reached skill level 4 in Fighting
  1939 | D:8      | Reached skill level 13 in Axes
  1939 | D:8      | Reached skill level 4 in Invocations
  1957 | D:8      | Your magical essence is drained by the effort!
  1964 | D:8      | Reached skill level 5 in Invocations
  2001 | D:9      | Your magical essence is drained by the effort!
  2003 | D:9      | Reached skill level 1 in Evocations
  2007 | D:9      | Reached skill level 5 in Fighting
  2007 | D:9      | Reached skill level 2 in Evocations
  2023 | D:9      | Noticed a troll
  2027 | D:9      | Reached XP level 10. HP: 75/79 MP: 8/8
  2033 | D:9      | Reached skill level 6 in Invocations
  2088 | D:9      | Noticed a sphinx
  2090 | D:9      | Noticed a centaur warrior
  2098 | D:9      | Killed a sphinx
  2098 | D:9      | Reached skill level 6 in Fighting
  2098 | D:9      | Reached skill level 14 in Axes
  2098 | D:9      | Reached skill level 7 in Invocations
  2098 | D:9      | Reached skill level 5 in Evocations
  2102 | D:9      | Killed a centaur warrior
  2102 | D:9      | Reached skill level 8 in Invocations
  2106 | D:9      | Reached skill level 9 in Invocations
  2112 | D:9      | Found an opulent altar of Gozag.
  2113 | D:9      | Found an opulent altar of Gozag.
  2166 | D:9      | Found a transporter.
  2169 | D:9      | Found a transporter.
  2170 | D:9      | Noticed an orc knight
  2171 | D:9      | Found a roughly hewn altar of Beogh.
  2172 | D:9      | Reached * piety under Hepliaklqana
  2211 | D:9      | Killed an orc knight
  2211 | D:9      | Reached skill level 10 in Invocations
  2335 | D:9      | Reached XP level 11. HP: 61/87 MP: 12/12
  2414 | D:10     | Entered Level 10 of the Dungeon
  2415 | D:10     | Your magical essence is drained by the effort!
  2440 | D:10     | Reached skill level 11 in Invocations
  2514 | D:9      | Found a burning altar of Makhleb.
  2548 | D:10     | Found a staircase to the Orcish Mines.
  2548 | D:10     | Noticed an orc sorcerer
  2550 | D:10     | Your magical essence is drained by the effort!
  2553 | D:10     | Killed an orc sorcerer
  2558 | D:10     | Reached skill level 12 in Invocations
  2590 | Orc:1    | Entered Level 1 of the Orcish Mines
  2590 | Orc:1    | Noticed a stone giant
  2601 | Orc:1    | Your magical essence is drained by the effort!
  2615 | Orc:1    | Your magical essence is drained by the effort!
  2622 | Orc:1    | Your magical essence is drained by the effort!
  2623 | Orc:1    | Your magical essence is drained by the effort!
  2631 | Orc:1    | Your magical essence is drained by the effort!
  2633 | Orc:1    | Killed a stone giant
  2633 | Orc:1    | Reached skill level 13 in Invocations
  2686 | Orc:1    | Found Ycranu Ciank's Weapon Shoppe.
  2740 | Orc:2    | Entered Level 2 of the Orcish Mines
  2740 | Orc:2    | Noticed Saint Roka
  2741 | Orc:2    | Noticed an orc sorcerer
  2743 | Orc:2    | Noticed an orc warlord
  2789 | Orc:1    | Gained mutation: You are weak. (Str -2) [potion of
                  | mutation]
  2789 | Orc:1    | Gained mutation: You have large cloven feet. [potion of
                  | mutation]
  2789 | Orc:1    | Gained mutation: You have an increased reservoir of magic.
                  | (+10% MP) [potion of mutation]
  2803 | Orc:2    | Killed an orc sorcerer
  2803 | Orc:2    | Reached skill level 14 in Invocations
  2808 | Orc:2    | Noticed an orc knight
  2816 | Orc:2    | Noticed an orc high priest
  2825 | Orc:2    | Reached ** piety under Hepliaklqana
  2827 | Orc:2    | Remembered your ancestor Thulani as a knight
  2864 | Orc:2    | Killed Saint Roka
  2864 | Orc:2    | Reached skill level 16 in Invocations
  2864 | Orc:2    | Reached XP level 12. HP: 72/94 MP: 10/13
  2896 | Orc:2    | Killed an orc warlord
  2903 | Orc:2    | Your magical essence is drained by the effort!
  2922 | Orc:2    | Noticed Urug
  2926 | Orc:2    | Reached skill level 17 in Invocations
  2943 | Orc:2    | Found a burning altar of Makhleb.
  2951 | Orc:2    | Found Cugyrye's Armour Shop.
  2973 | Orc:2    | Killed Urug
  2990 | Orc:2    | Found Sunear's Antique Armour Shoppe.
  3000 | Orc:2    | Found a staircase to the Elven Halls.
  3029 | Orc:2    | Reached skill level 18 in Invocations
  3064 | Orc:2    | Found Alogg's Book Shop.
  3091 | Orc:2    | Your magical essence is drained by the effort!
  3107 | Orc:2    | Found Kuty's General Store.
  3115 | Orc:2    | Bought a potion of resistance for 100 gold pieces
  3115 | Orc:2    | Bought a box of beasts (3/3) for 200 gold pieces
  3126 | Orc:2    | Your magical essence is drained by the effort!
  3149 | Orc:2    | Killed an orc high priest
  3165 | Orc:2    | Found Qeruqecziyff's Antique Weapon Shoppe.
  3173 | Orc:2    | Bought a runed war axe for 188 gold pieces
  3187 | Orc:1    | Noticed an ettin
  3257 | D:10     | Your magical essence is drained by the effort!
  3421 | D:11     | Found a staircase to the Lair.
  3426 | Lair:1   | Entered Level 1 of the Lair of Beasts
  3486 | Lair:3   | Noticed a six-headed hydra
  3491 | Lair:3   | Killed a six-headed hydra
  3491 | Lair:3   | Reached skill level 4 in Shields
  3499 | Lair:3   | Reached XP level 13. HP: 74/99 MP: 12/12
  3627 | Lair:3   | Reached *** piety under Hepliaklqana
  3708 | Lair:3   | Found a hole to the Spider Nest.
  3710 | Lair:3   | Your magical essence is drained by the effort!
  3751 | Spider:1 | Entered Level 1 of the Spider Nest
  3759 | Spider:1 | Noticed a spark wasp
  3764 | Spider:1 | Identified a scroll of acquirement
  3764 | Spider:1 | Acquired the ring of Xetruogixa {*Contam rElec rC+++ rCorr
                  | Stlth-}
  3764 | Spider:1 | HP: 1/100 [spark wasp (9)]
  3766 | Spider:1 | Slain by a spark wasp

Illustrated notes

Levels and vault maps discovered:
D:1:      dpeg_cavernosity, layout_basic
D:2:      layout_loops_ring, zin_purify, nicolae_gozag_seed_capital
D:3:      layout_loops_corners, okawaru_metal_pillars_1_2, uniq_ijyb,
          uniq_sigmund
D:4:      layout_rooms, kennysheep_little_box, solitary_fountain,
          nicolae_ru_the_path_less_chosen, uniq_blork_the_orc, uniq_robin,
          uniq_crazy_yiuf_cottage
D:5:      layout_loops_corners, lemuel_round_altar, gup_sewer_entry_bowl,
          minmay_ruined_shrine, uniq_duvessa
D:6:      layout_loops_ring, minmay_temple_entry_stoned_glass, serial_shops,
          nicolae_shop_stone
D:7:      layout_basic, nicolae_overflow_hidden_temple, marbit_many_paths,
          minmay_misc_feat_more_columns, minmay_misc_feat_iff
D:8:      layout_rooms, dancing_weapons_uskayaw,
          nicolae_qazlal_general_emergency, trog_ov_bears_minmay
D:9:      gammafunk_beogh_shrine, layout_irregular_city, lemuel_doored_altar,
          makhleb_heckhound_becter, jmf_multi_god_temple
D:10:     layout_stronghold, zombieorc2_lemuel, hangedman_abyss_or_decor_stabs
D:11:     layout_rooms, lair_entry_dummy, gammafunk_ghost_wrathful_warriors,
          hive_lemuel
Lair:1:   cheibrodos_lair_river_kwai, layout_misc_corridors
Lair:2:   layout_regular_city
Lair:3:   layout_cave_pods, nicolae_spider_entry_non_spiders, grunt_megastairs_1
Lair:4:   layout_long_grid, minmay_shoals_entry_lonely_mermaid, st_stairs_12,
          minivault_23, chequers_serial_rivers_room_a, lemuel_fruit_fields
Spider:1: layout_spider_delve
Orc:1:    layout_caves, serial_shops, nicolae_shop_behind_doors
Orc:2:    grunt_orc_gardens, layout_diamond_mine, grunt_orc_garden,
          grunt_orc_garden, grunt_orc_garden, grunt_orc_garden, serial_shops,
          nicolae_shop_behind_doors, basic_altar, uniq_urug, uniq_saint_roka

Skill      XL: |  1  2  3  4  5  6  7  8  9 10 11 12 |
---------------+-------------------------------------+-----
Axes           | 3 6 7 8 10 12 13 14 | 14.5
Invocations    | 2 5 10 16 18 | 18.9
Fighting       | 3 5 6 |  6.5
Evocations     | 2 5 |  5.8
Shields        | 4 |  4.5
Armour         | |  3.2

Action                   |  1- 3 |  4- 6 |  7- 9 | 10-12 | 13-15 || total
-------------------------+-------+-------+-------+-------+-------++-------
Melee: War axe           |    42 |    69 |   153 |    30 |     3 ||   297
       Flail             |       |    14 |       |       |       ||    14
       Hand axe          |       |       |   158 |   367 |       ||   525
       Kick              |       |       |       |    66 |    16 ||    82
       Demon trident     |       |       |       |     5 |    63 ||    68
Throw: Boomerang         |       |       |     4 |    10 |       ||    14
Invok: Recall Ancestor   |       |       |       |     3 |       ||     3
       Ancestor Life: Kn |       |       |       |     1 |       ||     1
 Abil: Heal Wounds       |     1 |     3 |    12 |    45 |     5 ||    66
Evoke: Wand              |       |     5 |       |    15 |     1 ||    21
       Lightning rod     |       |       |       |     7 |       ||     7
       Box of beasts     |       |       |       |     2 |       ||     2
  Use: Scroll            |       |       |    11 |     6 |     2 ||    19
       Potion            |       |       |       |     8 |       ||     8
 Stab: Distracted        |       |       |     2 |     2 |     1 ||     5
Armor: Chain mail        |    26 |    50 |    27 |       |    15 ||   118
       Plate armour      |       |       |   170 |   223 |    23 ||   416
Dodge: Dodged            |    10 |    23 |    49 |    78 |    10 ||   170
Block: Kite shield       |    22 |    72 |   176 |   217 |    30 ||   517

Table legend: (Time is in decaauts)
 A = Elapsed time spent in this place.
 B = Non-inter-level travel time spent in this place.
 C = Inter-level travel time spent in this place.
 D = Time resting spent in this place.
 E = Time spent auto-exploring this place.
 F = Levels seen in this place.
 G = Mean time per level.
                   A        B        C        D        E       F      G
               +--------+--------+--------+--------+--------+-----+--------+
         Total |   3668 |   3593 |     75 |      0 |      0 |  19 |  193.1 |
       Dungeon |   2672 |   2617 |     55 |      0 |      0 |  11 |  242.9 |
          Lair |    320 |    306 |     14 |      0 |      0 |   4 |   80.0 |
   Spider Nest |     13 |     13 |      0 |      0 |      0 |   1 |   13.0 |
  Orcish Mines |    548 |    542 |      6 |      0 |      0 |   2 |  274.0 |
         Sewer |    112 |    112 |      0 |      0 |      0 |   1 |  112.0 |
               +--------+--------+--------+--------+--------+-----+--------+

Top non-repeatable levels by time:
     D:9: 472 daAuts
     D:5: 429 daAuts
     D:7: 425 daAuts
   Orc:2: 347 daAuts
     D:4: 280 daAuts
    D:10: 229 daAuts
     D:8: 225 daAuts
   Orc:1: 201 daAuts
     D:1: 180 daAuts
     D:3: 171 daAuts
     D:6: 156 daAuts
  Lair:3: 141 daAuts
  Lair:4: 120 daAuts
   Sewer: 112 daAuts
    D:11: 53 daAuts
